 Dungeon Crawl Stone Soup version 0.28.0-53-g5a82cb258f (webtiles) character file.

Game seed: 18195338715356560876

45 gobodom the Vexing (level 3, -4/24 HPs)
             Began as a Demonspawn Enchanter on June 9, 2022.
             Slain by Sigmund
             ... wielding a +0 scythe
              (11 damage)
             ... on level 2 of the Dungeon.
             The game lasted 00:10:33 (2469 turns).

gobodom the Vexing (Demonspawn Enchanter)           Turns: 2469, Time: 00:10:34

Health: -4/24      AC:  2    Str: 10    XL:     3   Next: 42%
Magic:  6/6        EV: 12    Int: 16    God:
Gold:   31         SH:  0    Dex: 13    Spells: 5/6 levels left

rFire   . . .      SeeInvis .   a - +1 dagger
rCold   . . .      Faith    .   (no shield)
rNeg    . . .      Spirit   .   b - +0 robe
rPois   .          Reflect  .   (no helmet)
rElec   .          Harm     .   (no cloak)
rCorr   .          Rampage  .   (no gloves)
Will    .....                   (no boots)
Stlth   +.........              (no amulet)
HPRegen 0.08/turn               (no ring)
MPRegen 0.10/turn               (no ring)

@: confused
A: demonic touch 1
a: no special abilities


You were on level 2 of the Dungeon.
You visited 1 branch of the dungeon, and saw 3 of its levels.

You collected 31 gold pieces.

Inventory:

Hand Weapons
 a - a +1 dagger (weapon)
 f - a +3 hand axe
Armour
 b - a +0 robe (worn)
Potions
 d - a potion of mutation {unknown}
 e - a potion of attraction {unknown}
 g - a potion of flight {unknown}
 h - 2 potions of resistance {unknown}


   Skills:
 + Level 1.3 Short Blades
 + Level 2.1 Dodging
 + Level 3.2 Stealth
 * Level 0.3 Unarmed Combat
 + Level 2.2 Spellcasting
 + Level 3.2 Hexes
 + Level 0.1 Ice Magic


You had 5 spell levels left.
You knew the following spells:

 Your Spells              Type           Power      Damage    Failure   Level
a - Freeze                Ice            8%         1d3       19%         1

Your spell library contained the following spells:

 Spells                   Type           Power      Damage    Failure   Level
 Ensorcelled Hibernation  Hex/Ice        14%        N/A       16%         2
 Confusing Touch          Hex            12%        N/A       16%         3
 Tukima's Dance           Hex            12%        N/A       16%         3
 Dazzling Flash           Conj/Hex       12%        N/A       30%         3


Dungeon Overview and Level Annotations

Branches:
Dungeon (3/15)

Altars:

Annotations:
D:2 Sigmund


Innate Abilities, Weirdness & Mutations

Your touch may inflict minor irresistible damage on your foes.


Message History

The worm misses you.
Your magical contamination has completely faded away.
There is a stone staircase leading up here.
You can't go down here!
You climb upwards.
There is a stone staircase leading down here.
You start resting.
Magic restored.
You start resting.
HP restored.
There is a stone staircase leading down here.
You climb downwards.
There is a stone staircase leading up here.
The helpless kobold fails to defend itself.
You puncture the kobold!
You kill the kobold!
Things that are here:
a +0 short sword; a kobold corpse
Found 27 gold pieces.
A goblin comes into view. It is wielding a +0 club.
Sigmund the Dreaded comes into view.
He is wielding a +0 scythe.
Sigmund shouts!
The goblin shouts!
Sigmund casts a spell.
Sigmund flickers and vanishes!
Deactivating autopickup; reactivate with Ctrl-A.
You hit the goblin.
You touch the goblin.
You kill the goblin!
You hear some strange, mumbled words.
You are confused.
Things that are here:
a +0 short sword; a kobold corpse You are more confused.
You're too confused to move!
You bump into the rock wall.
You bump into the rock wall.
Something hits you.
You bump into the rock wall.
Something hits you!
* * * LOW HITPOINT WARNING * * *
You bump into the rock wall.
Something hits you!
You die...

... ....
.#..... #.#
..$.#
#.##..#
###....#
#....#.
#..)#.#..#
#...{.#.#.##
#.....#)#.#
.......#@#.#
.#.....#<..#
#.....##.##
#..... #.#
###


There were no monsters in sight!

Vanquished Creatures
  An adder (D:2)
  A ball python (D:1)
  A bat (D:1)
  7 endoplasms
  A giant cockroach (D:1)
  3 goblins
  A hobgoblin (D:1)
  2 jackals
  5 kobolds
  3 quokkas
  2 frilled lizards
  3 rats (D:1)
30 creatures vanquished.

Vanquished Creatures (others)
  2 fungi (D:1)
  3 plants (D:1)
5 creatures vanquished.

Grand Total: 35 creatures vanquished

Notes
Turn   | Place    | Note
-------+----------+-------------------------------------------
     0 | D:1      | gobodom the Demonspawn Enchanter began the quest for the
                  | Orb.
     0 | D:1      | Reached XP level 1. HP: 13/13 MP: 3/3
    61 | D:1      | Found a faded altar of an unknown god.
    80 | D:1      | Got Plato's Reference Book on the Snowflakes
    84 | D:1      | Learned a level 1 spell: Freeze
   242 | D:1      | Gained mutation: Your touch may inflict minor irresistible
                  | damage on your foes. [demonic ancestry]
   242 | D:1      | Reached XP level 2. HP: 14/19 MP: 1/5
   365 | D:1      | Reached skill level 1 in Short Blades
  1275 | D:2      | Reached XP level 3. HP: 6/24 MP: 1/6
  1991 | D:2      | HP: 1/24 [worm (8)]
  2456 | D:2      | Noticed Sigmund
  2469 | D:2      | Slain by Sigmund

Illustrated notes

Levels and vault maps discovered:
D:1:      dpeg_arrival_rooms_a, layout_rooms,
          shapermc_ecumenical_altar_rom_forum
D:2:      layout_rooms, uniq_sigmund
D:3:      layout_basic

Skill      XL: |  1  2 |
---------------+-------+-----
Dodging        | 2 |  2.1
Stealth        | 3 |  3.2
Short Blades   | 1 |  1.3
Unarmed Combat | |  0.3
Spellcasting   | |  2.2
Hexes          | |  3.2
Ice Magic      | |  0.1

Action                   || total
-------------------------++-------
Melee: Dagger            ||    70
       Touch             ||     9
       Punch             ||     1
 Cast: Freeze            ||    24
  Use: Scroll            ||     1
       Potion            ||     1
 Stab: Sleeping          ||     7
Armor: Robe              ||    10
Dodge: Dodged            ||    53
